[ AOE2 MATCH · #504937564 ]
UnrankedByzantines vs Franks
Player's team · LOSS
Rival team · WIN
[ REPLAY ANALYSIS · EXTRACTED FROM THE RECORDED GAME ]
Feudal
8:51
Castle
20:33
Imperial
—
| APM avg | 46.9 |
| APM peak | 104 |
| eAPM avg | 30.6 |
| Villagers / military | 189 / 230 |
Focus
⚔️ 49.6% · 🌾 50.4%
Spearman ×133 · Skirmisher ×59 · Camel Scout ×21 · Battering Ram ×8 · Scout Cavalry ×8 · Cavalry Archer ×1
Feudal
10:32
Castle
19:36
Imperial
36:41
| APM avg | 65.8 |
| APM peak | 97 |
| eAPM avg | 32.4 |
| Villagers / military | 195 / 186 |
Focus
⚔️ 44.7% · 🌾 55.3%
Archer ×68 · Knight ×56 · Scout Cavalry ×23 · Spearman ×21 · Monk ×6 · Hand Cannoneer ×6
Match map
Initial resources + every placement click. Lines = walls · curves = elevation contours. ◆ gold · ⬟ stone · ● berries · ✦ relic · ◌ wall gap
Your base· Open — opponent sealed themselves in
DGHIR | Feyern's base· ✓ Closed at 19:36 · 52t walls · no gate
Smoothed initial terrain · ◌ = detected wall gap · hover for details
Inputs per minute
— RaggedCone8628 - - DGHIR | Feyern
Build order — RaggedCone8628
First 150 of 642 actions detected
| 0:01 | Queue | Villager (Male) |
| 0:02 | Queue | Villager (Male) |
| 0:03 | Build | House |
| 0:04 | Build | House |
| 0:08 | Queue | Villager (Male) |
| 0:20 | Queue | Villager (Male) |
| 1:39 | Queue | Villager (Male) |
| 1:47 | Build | Lumber Camp |
| 2:06 | Queue | Villager (Male) |
| 2:24 | Queue | Villager (Male) |
| 2:53 | Queue | Villager (Male) |
| 3:08 | Queue | Villager (Male) |
| 3:39 | Queue | Villager (Male) |
| 3:43 | Build | House |
| 4:01 | Queue | Villager (Male) |
| 4:01 | Queue | Villager (Male) |
| 4:06 | Build | House |
| 4:10 | Build | Palisade Wall |
| 4:29 | Queue | Villager (Male) |
| 5:13 | Build | Mill |
| 5:19 | Queue | Villager (Male) |
| 5:19 | Queue | Villager (Male) |
| 5:56 | Research | Loom |
| 6:32 | Research | Feudal Age |
| 7:31 | Build | House |
| 7:52 | Build | Palisade Wall |
| 7:53 | Build | Palisade Wall |
| 8:03 | Build | Barracks |
| 8:51 | Age | Feudal Age |
| 8:52 | Queue | Villager (Male) |
| 8:55 | Build | Archery Range |
| 8:57 | Queue | Spearman |
| 9:10 | Queue | Villager (Male) |
| 9:12 | Research | Double-Bit Axe |
| 9:24 | Queue | Skirmisher |
| 9:28 | Build | House |
| 9:37 | Queue | Villager (Male) |
| 9:44 | Build | Palisade Wall |
| 9:53 | Queue | Skirmisher |
| 9:59 | Research | Horse Collar |
| 10:08 | Queue | Villager (Male) |
| 10:11 | Research | Horse Collar |
| 10:11 | Queue | Skirmisher |
| 10:20 | Queue | Skirmisher |
| 10:31 | Build | Farm |
| 10:33 | Queue | Villager (Male) |
| 10:45 | Build | Farm |
| 10:49 | Queue | Skirmisher |
| 10:59 | Build | House |
| 11:00 | Queue | Villager (Male) |
| 11:06 | Build | Farm |
| 11:17 | Queue | Villager (Male) |
| 11:33 | Build | Farm |
| 11:34 | Build | Farm |
| 11:38 | Queue | Villager (Male) |
| 11:50 | Build | Farm |
| 11:54 | Queue | Villager (Male) |
| 12:00 | Build | Farm |
| 12:12 | Build | Farm |
| 12:18 | Build | Farm |
| 12:27 | Queue | Villager (Male) |
| 12:36 | Queue | Villager (Male) |
| 12:45 | Build | Farm |
| 12:46 | Build | Farm |
| 13:09 | Build | Farm |
| 13:17 | Queue | Skirmisher |
| 13:17 | Queue | Skirmisher |
| 13:19 | Queue | Villager (Male) |
| 13:39 | Build | House |
| 13:40 | Build | House |
| 13:46 | Queue | Villager (Male) |
| 13:47 | Queue | Skirmisher |
| 14:06 | Queue | Villager (Male) |
| 14:24 | Build | Farm |
| 14:25 | Build | Farm |
| 14:27 | Queue | Skirmisher |
| 14:48 | Queue | Villager (Male) |
| 14:48 | Queue | Villager (Male) |
| 14:51 | Build | Blacksmith |
| 15:10 | Queue | Villager (Male) |
| 15:20 | Queue | Villager (Male) |
| 15:37 | Build | Farm |
| 15:38 | Build | Farm |
| 15:42 | Research | Fletching |
| 15:51 | Build | Mining Camp |
| 16:06 | Queue | Villager (Male) |
| 16:24 | Queue | Villager (Male) |
| 16:41 | Build | Market |
| 17:11 | Queue | Villager (Male) |
| 17:40 | Build | Lumber Camp |
| 17:53 | Research | Castle Age |
| 18:01 | Queue | Skirmisher |
| 18:06 | Build | Stable |
| 18:28 | Research | Gold Mining |
| 18:42 | Research | Forging |
| 19:04 | Build | Stable |
| 19:09 | Build | Farm |
| 19:27 | Build | House |
| 19:28 | Build | House |
| 19:29 | Build | House |
| 19:37 | Queue | Spearman |
| 19:37 | Queue | Spearman |
| 19:52 | Build | Palisade Wall |
| 19:54 | Build | Palisade Wall |
| 19:55 | Build | Palisade Wall |
| 19:57 | Build | Palisade Wall |
| 20:12 | Queue | Spearman |
| 20:23 | Queue | Villager (Male) |
| 20:33 | Age | Castle Age |
| 20:34 | Queue | Camel Scout |
| 20:34 | Queue | Camel Scout |
| 20:38 | Queue | Spearman |
| 20:40 | Queue | Camel Scout |
| 20:40 | Queue | Camel Scout |
| 20:41 | Queue | Villager (Male) |
| 21:13 | Queue | Camel Scout |
| 21:19 | Build | Town Center |
| 21:22 | Queue | Camel Scout |
| 21:22 | Queue | Camel Scout |
| 21:26 | Queue | Spearman |
| 21:31 | Queue | Villager (Male) |
| 21:50 | Queue | Villager (Male) |
| 22:00 | Queue | Villager (Male) |
| 22:03 | Research | Bow Saw |
| 22:07 | Research | Husbandry |
| 22:08 | Queue | Villager (Male) |
| 22:14 | Queue | Villager (Male) |
| 22:26 | Queue | Villager (Male) |
| 22:31 | Build | Town Center |
| 22:32 | Queue | Villager (Male) |
| 22:36 | Queue | Villager (Male) |
| 22:43 | Queue | Camel Scout |
| 22:44 | Queue | Camel Scout |
| 22:46 | Build | Monastery |
| 22:54 | Queue | Spearman |
| 22:55 | Queue | Camel Scout |
| 23:04 | Queue | Villager (Male) |
| 23:18 | Queue | Villager (Male) |
| 23:23 | Queue | Villager (Male) |
| 23:31 | Queue | Camel Scout |
| 23:36 | Queue | Spearman |
| 23:37 | Queue | Spearman |
| 23:43 | Build | Stable |
| 23:44 | Queue | Villager (Male) |
| 23:55 | Build | Barracks |
| 23:57 | Build | Barracks |
| 23:58 | Queue | Villager (Male) |
| 23:59 | Queue | Villager (Male) |
| 24:00 | Build | Farm |
| 24:01 | Build | Farm |
Build order — DGHIR | Feyern
First 150 of 603 actions detected
| 0:02 | Queue | Villager (Male) |
| 0:02 | Queue | Villager (Male) |
| 0:04 | Build | House |
| 0:05 | Build | House |
| 0:08 | Queue | Villager (Male) |
| 0:08 | Queue | Villager (Male) |
| 0:08 | Queue | Villager (Male) |
| 1:29 | Queue | Villager (Male) |
| 1:29 | Queue | Villager (Male) |
| 1:59 | Queue | Villager (Male) |
| 2:12 | Build | Lumber Camp |
| 2:19 | Queue | Villager (Male) |
| 2:47 | Queue | Villager (Male) |
| 3:22 | Queue | Villager (Male) |
| 3:24 | Queue | Villager (Male) |
| 4:09 | Queue | Villager (Male) |
| 4:11 | Build | House |
| 4:12 | Build | House |
| 4:36 | Queue | Villager (Male) |
| 4:37 | Queue | Villager (Male) |
| 4:54 | Queue | Villager (Male) |
| 4:55 | Queue | Villager (Male) |
| 5:09 | Build | Barracks |
| 5:20 | Queue | Villager (Male) |
| 5:54 | Build | House |
| 6:03 | Queue | Militia |
| 6:05 | Queue | Militia |
| 6:14 | Queue | Villager (Male) |
| 6:14 | Queue | Villager (Male) |
| 6:35 | Build | Palisade Wall |
| 6:47 | Build | Palisade Wall |
| 6:54 | Research | Loom |
| 6:57 | Queue | Villager (Male) |
| 6:58 | Research | Loom |
| 7:12 | Build | House |
| 7:14 | Build | Palisade Wall |
| 7:30 | Build | Palisade Wall |
| 8:19 | Research | Feudal Age |
| 8:33 | Build | Mill |
| 9:21 | Build | Lumber Camp |
| 9:37 | Build | House |
| 9:38 | Build | Palisade Wall |
| 10:19 | Build | Mining Camp |
| 10:32 | Age | Feudal Age |
| 10:34 | Queue | Villager (Male) |
| 10:36 | Research | Double-Bit Axe |
| 10:42 | Build | Farm |
| 10:45 | Queue | Villager (Male) |
| 10:47 | Build | Farm |
| 10:48 | Build | Farm |
| 11:12 | Build | Farm |
| 11:15 | Queue | Villager (Male) |
| 11:22 | Queue | Militia |
| 11:25 | Build | Farm |
| 11:27 | Build | Farm |
| 11:34 | Build | Farm |
| 11:48 | Queue | Militia |
| 11:58 | Build | Farm |
| 12:03 | Queue | Villager (Male) |
| 12:21 | Build | Farm |
| 12:26 | Queue | Villager (Male) |
| 12:26 | Queue | Villager (Male) |
| 12:38 | Build | Farm |
| 12:41 | Queue | Villager (Male) |
| 12:43 | Build | House |
| 12:58 | Research | Man-at-Arms (upgrade) |
| 12:58 | Research | Man-at-Arms (upgrade) |
| 13:02 | Build | Farm |
| 13:04 | Build | Farm |
| 13:18 | Queue | Villager (Male) |
| 13:24 | Build | Farm |
| 13:30 | Queue | Villager (Male) |
| 13:30 | Queue | Villager (Male) |
| 13:32 | Build | Farm |
| 13:55 | Build | Farm |
| 14:22 | Build | Farm |
| 14:28 | Queue | Villager (Male) |
| 14:48 | Queue | Villager (Male) |
| 14:50 | Build | Farm |
| 14:59 | Queue | Villager (Male) |
| 15:19 | Queue | Villager (Male) |
| 15:31 | Queue | Villager (Male) |
| 15:33 | Build | Blacksmith |
| 15:48 | Queue | Villager (Male) |
| 15:55 | Build | Stable |
| 16:31 | Queue | Villager (Male) |
| 16:46 | Research | Castle Age |
| 17:03 | Queue | Villager (Male) |
| 17:10 | Queue | Scout Cavalry |
| 17:22 | Queue | Villager (Male) |
| 17:43 | Research | Forging |
| 17:50 | Queue | Villager (Male) |
| 17:58 | Build | Stable |
| 18:01 | Queue | Scout Cavalry |
| 18:17 | Queue | Scout Cavalry |
| 18:20 | Queue | Scout Cavalry |
| 18:40 | Queue | Scout Cavalry |
| 18:53 | Build | Archery Range |
| 18:57 | Queue | Scout Cavalry |
| 19:12 | Build | House |
| 19:21 | Research | Scale Barding Armor |
| 19:36 | Age | Castle Age |
| 19:38 | Queue | Villager (Male) |
| 19:39 | Queue | Knight |
| 19:39 | Queue | Knight |
| 19:48 | Queue | Villager (Male) |
| 19:57 | Research | Crossbowman (upgrade) |
| 20:07 | Queue | Villager (Male) |
| 20:11 | Build | Monastery |
| 20:15 | Queue | Villager (Male) |
| 20:21 | Queue | Knight |
| 20:21 | Queue | Knight |
| 20:21 | Queue | Knight |
| 20:30 | Queue | Villager (Male) |
| 20:31 | Queue | Villager (Male) |
| 20:33 | Build | Town Center |
| 20:38 | Build | Farm |
| 20:42 | Queue | Villager (Male) |
| 20:54 | Queue | Spearman |
| 20:54 | Queue | Spearman |
| 20:54 | Queue | Spearman |
| 21:00 | Queue | Villager (Male) |
| 21:01 | Build | House |
| 21:03 | Queue | Monk |
| 21:04 | Queue | Monk |
| 21:17 | Research | Husbandry |
| 21:17 | Research | Husbandry |
| 21:18 | Queue | Villager (Male) |
| 21:24 | Queue | Villager (Male) |
| 21:26 | Build | Farm |
| 21:27 | Queue | Knight |
| 21:30 | Queue | Monk |
| 21:31 | Build | House |
| 21:35 | Queue | Villager (Male) |
| 21:38 | Build | House |
| 21:39 | Build | House |
| 21:40 | Queue | Villager (Male) |
| 21:46 | Queue | Villager (Male) |
| 21:51 | Research | Pikeman (upgrade) |
| 21:55 | Queue | Villager (Male) |
| 21:58 | Queue | Spearman |
| 22:03 | Queue | Spearman |
| 22:17 | Queue | Spearman |
| 22:19 | Queue | Villager (Male) |
| 22:21 | Build | Farm |
| 22:22 | Queue | Monk |
| 22:27 | Research | Town Watch |
| 22:27 | Research | Town Watch |
| 22:28 | Build | Farm |
| 22:30 | Queue | Villager (Male) |
Match timeline
| 4:10 | RaggedCone8628 · wall_segment Palisade Wall x3 |
| 5:09 | DGHIR | Feyern · first_building Barracks |
| 6:35 | DGHIR | Feyern · wall_segment Palisade Wall x5 |
| 6:47 | DGHIR | Feyern · wall_segment Palisade Wall x18 |
| 7:14 | DGHIR | Feyern · wall_segment Palisade Wall x14 |
| 7:30 | DGHIR | Feyern · wall_segment Palisade Wall x13 |
| 7:52 | RaggedCone8628 · wall_segment Palisade Wall x1 |
| 7:53 | RaggedCone8628 · wall_segment Palisade Wall x1 |
| 8:03 | RaggedCone8628 · first_building Barracks |
| 8:51 | RaggedCone8628 · age_up feudal |
| 8:55 | RaggedCone8628 · first_building Archery Range |
| 9:38 | DGHIR | Feyern · wall_segment Palisade Wall x2 |
| 9:44 | RaggedCone8628 · wall_segment Palisade Wall x5 |
| 10:32 | DGHIR | Feyern · age_up feudal |
| 15:55 | DGHIR | Feyern · first_building Stable |
| 17:48 | RaggedCone8628 · first_market_sell 100 food |
| 18:06 | RaggedCone8628 · first_building Stable |
| 18:53 | DGHIR | Feyern · first_building Archery Range |
| 19:36 | DGHIR | Feyern · age_up castle |
| 19:52 | RaggedCone8628 · wall_segment Palisade Wall x1 |
| 19:54 | RaggedCone8628 · wall_segment Palisade Wall x1 |
| 19:55 | RaggedCone8628 · wall_segment Palisade Wall x1 |
| 19:57 | RaggedCone8628 · wall_segment Palisade Wall x1 |
| 20:11 | DGHIR | Feyern · first_building Monastery |
| 20:33 | RaggedCone8628 · age_up castle |
| 22:46 | RaggedCone8628 · first_building Monastery |
| 27:17 | DGHIR | Feyern · first_market_buy 100 food |
| 32:34 | DGHIR | Feyern · first_building Castle |
| 33:04 | DGHIR | Feyern · first_market_sell 100 wood |
| 35:24 | RaggedCone8628 · first_building Castle |
| 36:41 | DGHIR | Feyern · age_up imperial |
| 36:47 | RaggedCone8628 · first_building Siege Workshop |
| 38:01 | DGHIR | Feyern · first_building Siege Workshop |
| 45:27 | RaggedCone8628 · resign |
[ AI ANALYSIS · 1 CREDIT ]
What really happened in this match?
Wolo.gg analyzes every decision: build order, eco, micro, common mistakes by bracket. Personalized analysis on WhatsApp or Discord in 30 seconds.
Civ guide
Byzantines
Perfil
Jugador #23079294